Atomiques vs Sewer Rats
Created - 26 décembre 2012 at 19:14
Goals
|
| Atomiques |
2 |
1 |
1 |
4 |
| Sewer Rats |
4 |
2 |
1 |
7 |
|
Shots
|
| Atomiques |
16 |
8 |
10 |
34 |
| Sewer Rats |
13 |
7 |
16 |
36 |
|
1st period
1. Sewer Rats , Kyle Quincey 1 (Niko Dimitrakos, Matt Lashoff) at 1:51
2. Sewer Rats , Ryan Callahan 7 (Maxim Talbot) at 2:22
3. Atomiques , Denis Hamel 7 (Mattias Ohlund, Boyd Gordon) at 10:41
4. Sewer Rats , Mark Mancari 4 (Maxim Talbot, Karel Rachunek) at 14:42
5. Atomiques , Boyd Gordon 8 (Andy Greene) at 19:36 (PP)
6. Sewer Rats , John-Michael Liles 2 (Karel Rachunek, Ville Leino) at 19:50
Penalties :
John-Michael Liles (Tol) for Slashing (Minor) at 19:10
2nd period
7. Sewer Rats , Niko Dimitrakos 8 (Max Pacioretty, Matt Lashoff) at 1:57
8. Atomiques , Brett Sutter 2 (Kyle Okposo, Pat Rissmiller) at 4:40
9. Sewer Rats , John-Michael Liles 3 (Ryan Callahan, Ville Leino) at 6:07 (PP)
Penalties :
Andy Greene (STB) for Kneeing (Major) at 5:50, John-Michael Liles (Tol) for High sticking (Minor) at 13:28
3rd period
10. Atomiques , Kenndal McArdle 1 (Brendon Nash, Jonathan Girard) at 12:39
11. Sewer Rats , Ville Leino 4 (Karel Rachunek) at 14:09
Penalties :
Brett Sutter (STB) for High sticking (Minor) at 2:43, John Zeiler (STB) for High sticking (Minor) at 8:06, Mike Funk (Tol) for Holding (Minor) at 19:03
Goalie Stats
Semyon Varlamov (STB), 9 saves from 13 shots - (0,692), 19:50 minutes
Mike Brodeur (STB), 20 saves from 23 shots - (0,870), L, 8-3-1, 40:10 minutes
Jonas Gustavsson (Tol), 30 saves from 34 shots - (0,882), W, 3-3-1, 60:00 minutes
Players Stats for Atomiques
Player Name G A P +/- PIM S H SB GA TA FO MP PP MP PK MP
------------------------------------------------------------------------------------
Andy Greene 0 1 1 -1 5 0 3 1 1 1 0/0 26:33 2:15 2:18
Boyd Gordon 1 1 2 -1 0 1 1 0 0 0 4/8 17:33 1:28 3:16
Brandon Dubinsky 0 0 0 -3 0 4 3 0 0 1 9/25 21:45 1:53 3:50
Brendon Nash 0 1 1 -1 0 3 0 0 0 0 0/0 12:54 0:00 2:05
Brett Sutter 1 0 1 0 2 1 0 0 0 0 3/5 11:44 0:00 0:40
Daniel Carcillo 0 0 0 -3 0 6 1 0 1 3 5/10 21:43 1:53 3:48
Denis Hamel 1 0 1 -1 0 3 0 0 0 0 1/1 17:36 1:28 3:21
John Zeiler 0 0 0 -1 2 1 0 1 1 0 0/0 14:35 1:53 0:00
Jonathan Girard 0 1 1 -1 0 1 0 0 1 1 0/0 12:19 0:00 1:18
Kenndal McArdle 1 0 1 1 0 3 2 1 0 0 0/0 9:08 0:00 1:11
Kyle Okposo 0 1 1 0 0 0 0 0 0 0 0/0 10:56 0:00 0:00
Kyle Turris 0 0 0 1 0 0 0 1 0 0 1/2 7:57 0:00 0:00
Mattias Ohlund 0 1 1 -1 0 4 1 1 0 2 0/0 28:05 2:15 4:25
Nick Johnson 0 0 0 1 0 2 1 0 0 1 0/0 10:00 0:00 2:03
Pat Rissmiller 0 1 1 0 0 2 1 0 1 0 0/0 11:05 0:00 0:09
Phil Kessel 0 0 0 -3 0 3 1 0 3 1 2/3 17:24 1:28 0:00
Shawn Belle 0 0 0 -1 0 0 2 0 0 0 0/0 19:43 1:06 3:44
Wes O'Neill 0 0 0 -1 0 0 1 1 1 1 0/0 20:00 1:06 3:40
Players Stats for Sewer Rats
Player Name G A P +/- PIM S H SB GA TA FO MP PP MP PK MP
------------------------------------------------------------------------------------
Bryan Little 0 0 0 -3 0 5 3 1 3 0 5/13 19:01 3:15 0:54
Chris Clark 0 0 0 -3 0 3 0 0 0 0 1/1 18:46 3:18 0:46
Derek Dorsett 0 0 0 0 0 0 0 0 0 0 0/0 0:23 0:17 0:00
John-Michael Liles 2 0 2 2 4 3 2 2 0 1 0/0 22:48 4:12 0:42
Jonathan Paiement 0 0 0 0 0 0 1 0 0 2 0/0 11:19 0:32 1:29
Karel Rachunek 0 3 3 2 0 2 1 0 0 1 0/0 24:56 4:12 2:21
Kyle Quincey 1 0 1 0 0 1 0 1 2 0 0/0 20:47 4:13 1:00
Lars Eller 0 0 0 0 0 0 0 0 0 0 0/0 0:00 0:00 0:00
Marc-André Cliche 0 0 0 1 0 0 1 0 0 0 1/1 7:25 0:23 0:00
Mark Mancari 1 0 1 1 0 3 1 0 0 0 0/0 8:46 1:34 0:00
Matt Lashoff 0 2 2 0 0 0 4 0 0 1 0/0 20:24 4:13 0:37
Max Pacioretty 0 1 1 -3 0 0 3 0 0 0 0/1 18:34 3:15 0:27
Maxim Talbot 0 2 2 4 0 1 2 0 1 1 16/31 25:18 4:07 2:04
Mike Funk 0 0 0 1 2 0 0 0 0 0 0/0 5:32 0:00 0:33
Niko Dimitrakos 1 1 2 2 0 9 0 0 1 0 0/1 14:02 1:22 0:00
Raphael Diaz 0 0 0 0 0 0 0 0 0 1 0/0 9:50 0:32 0:00
Ryan Callahan 1 1 2 3 0 5 0 0 3 1 1/1 20:13 4:12 2:08
Shawn Matthias 0 0 0 2 0 0 4 0 0 0 2/2 12:15 0:00 0:00
Steven Kampfer 0 0 0 1 0 0 1 0 0 0 0/0 4:27 0:00 0:00
Ville Leino 1 2 3 3 0 4 1 0 1 0 3/3 18:10 4:07 0:00
Vojtech Polak 0 0 0 2 0 0 3 0 0 1 0/0 13:40 1:01 0:23
3 Stars
1 - Ville Leino (Tol)
2 - Ryan Callahan (Tol)
3 - Maxim Talbot (Tol)
Power Play
Atomiques - 1 on 3 Attempt(s) - 33,33%
Sewer Rats - 1 on 3 Attempt(s) - 33,33%
Penalty Kill
Atomiques - 2 on 3 Attempt(s) - 66,67%
- Score 0 goal in Penalty Kill
Sewer Rats - 2 on 3 Attempt(s) - 66,67%
- Score 0 goal in Penalty Kill
Official
Referees : Marouelli Dan and StLaurent Francois
Linesman : Andy McElman and Steve Barton
Game Notes
Mike Brodeur enters game at 19:50 of 1st period
Atomiques
5 vs 5 Forward
Center Left Wing Right Wing Time % Phy DF OF
1 Brandon Dubinsky Daniel Carcillo Phil Kessel 40 1 2 2
2 Boyd Gordon Denis Hamel John Zeiler 30 1 2 2
3 Brett Sutter Pat Rissmiller Kyle Okposo 20 1 2 2
4 Kyle Turris Kenndal McArdle Nick Johnson 10 1 2 2
5 vs 5 Defense
Defense Defense Time % Phy DF OF
1 Mattias Ohlund Andy Greene 40 1 2 2
2 Wes O'Neill Shawn Belle 30 1 2 2
3 Jonathan Girard Brendon Nash 20 1 2 2
4 Mattias Ohlund Andy Greene 10 1 2 2
PowerPlay Forward
Center Left Wing Right Wing Time % Phy DF OF
1 Brandon Dubinsky Daniel Carcillo John Zeiler 60 1 2 2
2 Boyd Gordon Denis Hamel Phil Kessel 40 1 2 2
PowerPlay Defense
Defense Defense Time % Phy DF OF
1 Mattias Ohlund Andy Greene 60 1 2 2
2 Wes O'Neill Shawn Belle 40 1 2 2
Penalty Kill 4 Players Forward
Center Wing Time % Phy DF OF
1 Daniel Carcillo Brandon Dubinsky 60 1 2 2
2 Boyd Gordon Denis Hamel 40 1 2 2
Penalty Kill 4 Players Defense
Defense Defense Time % Phy DF OF
1 Mattias Ohlund Andy Greene 60 1 2 2
2 Wes O'Neill Shawn Belle 40 1 2 2
Penalty Kill - 3 Players Forward
Forward Time % Phy DF OF
1 Daniel Carcillo 60 1 2 2
2 Brandon Dubinsky 40 1 2 2
Penalty Kill - 3 Players Defense
Defense Defense Time % Phy DF OF
1 Mattias Ohlund Andy Greene 60 1 2 2
2 Wes O'Neill Shawn Belle 40 1 2 2
4 vs 4 Forward
Center Wing Time % Phy DF OF
1 Daniel Carcillo Brandon Dubinsky 60 1 2 2
2 Boyd Gordon Denis Hamel 40 1 2 2
4 vs 4 Defense
Defense Defense Time % Phy DF OF
1 Mattias Ohlund Andy Greene 60 1 2 2
2 Wes O'Neill Shawn Belle 40 1 2 2
Last Minutes Offensive
Center Left Wing Right Wing Defense Defense
Brandon Dubinsky Daniel Carcillo John Zeiler Mattias Ohlund Andy Greene
Last Minutes Defensive
Center Left Wing Right Wing Defense Defense
Brandon Dubinsky Daniel Carcillo John Zeiler Mattias Ohlund Andy Greene
Goaltenders
Starting : Semyon Varlamov
Backup : Mike Brodeur
Extra Forwards
Normal : Pat Rissmiller, Kyle Okposo, Nick Johnson - PP : Pat Rissmiller, Kyle Okposo - PK : Nick Johnson
Extra Defensemen
Normal : Jonathan Girard, Brendon Nash, Wes O'Neill - PP : Jonathan Girard - PK : Brendon Nash, Wes O'Neill
Penalty Shots
Daniel Carcillo, Brandon Dubinsky, Boyd Gordon, Denis Hamel, John Zeiler
Sewer Rats
5 vs 5 Forward
Center Left Wing Right Wing Time % Phy DF OF
1 Maxim Talbot Ville Leino Ryan Callahan 40 1 2 2
2 Bryan Little Max Pacioretty Chris Clark 30 1 2 2
3 Shawn Matthias Vojtech Polak Niko Dimitrakos 20 1 2 2
4 Marc-André Cliche Maxim Talbot Mark Mancari 10 1 2 2
5 vs 5 Defense
Defense Defense Time % Phy DF OF
1 Karel Rachunek John-Michael Liles 40 1 2 2
2 Matt Lashoff Kyle Quincey 30 1 2 2
3 Raphael Diaz Jonathan Paiement 20 1 2 2
4 Mike Funk Steven Kampfer 10 1 2 2
PowerPlay Forward
Center Left Wing Right Wing Time % Phy DF OF
1 Maxim Talbot Ville Leino Ryan Callahan 60 1 2 2
2 Bryan Little Max Pacioretty Chris Clark 40 1 2 2
PowerPlay Defense
Defense Defense Time % Phy DF OF
1 Karel Rachunek John-Michael Liles 60 1 2 2
2 Matt Lashoff Kyle Quincey 40 1 2 2
Penalty Kill 4 Players Forward
Center Wing Time % Phy DF OF
1 Maxim Talbot Ryan Callahan 60 1 2 2
2 Bryan Little Chris Clark 40 1 2 2
Penalty Kill 4 Players Defense
Defense Defense Time % Phy DF OF
1 Karel Rachunek John-Michael Liles 60 1 2 2
2 Matt Lashoff Kyle Quincey 40 1 2 2
Penalty Kill - 3 Players Forward
Forward Time % Phy DF OF
1 Maxim Talbot 60 1 2 2
2 Ryan Callahan 40 1 2 2
Penalty Kill - 3 Players Defense
Defense Defense Time % Phy DF OF
1 Karel Rachunek John-Michael Liles 60 1 2 2
2 Matt Lashoff Kyle Quincey 40 1 2 2
4 vs 4 Forward
Center Wing Time % Phy DF OF
1 Maxim Talbot Ryan Callahan 60 1 2 2
2 Bryan Little Chris Clark 40 1 2 2
4 vs 4 Defense
Defense Defense Time % Phy DF OF
1 Karel Rachunek John-Michael Liles 60 1 2 2
2 Matt Lashoff Kyle Quincey 40 1 2 2
Last Minutes Offensive
Center Left Wing Right Wing Defense Defense
Maxim Talbot Ville Leino Ryan Callahan Karel Rachunek John-Michael Liles
Last Minutes Defensive
Center Left Wing Right Wing Defense Defense
Maxim Talbot Ville Leino Ryan Callahan Karel Rachunek John-Michael Liles
Goaltenders
Starting : Jonas Gustavsson
Backup : Cédric Desjardins
Extra Forwards
Normal : Niko Dimitrakos, Mark Mancari, Vojtech Polak - PP : Niko Dimitrakos, Mark Mancari - PK : Vojtech Polak
Extra Defensemen
Normal : Raphael Diaz, Jonathan Paiement, Mike Funk - PP : Raphael Diaz - PK : Jonathan Paiement, Mike Funk
Penalty Shots
Maxim Talbot, Ryan Callahan, Bryan Little, Chris Clark, Niko Dimitrakos
% Time on Ice - Atomiques
Lines # - Real PCT - Wanted PCT - Time Play
Normal Forward
1 - 34% - 40% - 16:02
2 - 27% - 30% - 12:47
3 - 23% - 20% - 10:56
4 - 17% - 10% - 7:57
Normal Defense
1 - 41% - 40% - 19:42
2 - 31% - 30% - 14:40
3 - 23% - 20% - 10:48
4 - 5% - 10% - 2:32
PP Forward
1 - 56% - 60% - 1:53
2 - 44% - 40% - 1:28
PP Defense
1 - 67% - 60% - 2:15
2 - 33% - 40% - 1:06
PK Forward
1 - 81% - 60% - 7:13
2 - 19% - 40% - 1:44
PK Defense
1 - 68% - 60% - 6:05
2 - 32% - 40% - 2:52
PK3 Forward
1 - 0% - 60%
2 - 0% - 40%
PK3 Defense
1 - 0% - 60%
2 - 0% - 40%
44 Forward
1 - 0% - 60%
2 - 0% - 40%
44 Defense
1 - 0% - 60%
2 - 0% - 40%
Last Minute Offensive - 0:00
Last Minute Defensive - 0:00
Total
Forward - 60:00
Defense - 60:00
|
% Time on Ice - Sewer Rats
Lines # - Real PCT - Wanted PCT - Time Play
Normal Forward
1 - 29% - 40% - 13:59
2 - 31% - 30% - 14:42
3 - 26% - 20% - 12:15
4 - 14% - 10% - 6:46
Normal Defense
1 - 39% - 40% - 18:23
2 - 33% - 30% - 15:58
3 - 19% - 20% - 8:54
4 - 9% - 10% - 4:27
PP Forward
1 - 58% - 60% - 5:12
2 - 42% - 40% - 3:45
PP Defense
1 - 51% - 60% - 4:36
2 - 49% - 40% - 4:21
PK Forward
1 - 77% - 60% - 2:35
2 - 23% - 40% - 0:46
PK Defense
1 - 82% - 60% - 2:44
2 - 18% - 40% - 0:37
PK3 Forward
1 - 0% - 60%
2 - 0% - 40%
PK3 Defense
1 - 0% - 60%
2 - 0% - 40%
44 Forward
1 - 0% - 60%
2 - 0% - 40%
44 Defense
1 - 0% - 60%
2 - 0% - 40%
Last Minute Offensive - 0:00
Last Minute Defensive - 0:00
Total
Forward - 60:00
Defense - 60:00
|
Play by Play
1st period
0:01 of 1st period - Maxim Talbot wins face-off versus Brandon Dubinsky in neutral zone.
1:35 of 1st period - Wrist shot by Daniel Carcillo.
1:35 of 1st period - Stopped by Jonas Gustavsson with a rebound.
1:51 of 1st period - Slapshot by Kyle Quincey.
1:51 of 1st period - Goal by Kyle Quincey - Atomiques : 0 - Sewer Rats : 1.
1:52 of 1st period - Boyd Gordon wins face-off versus Bryan Little in neutral zone.
2:22 of 1st period - Slapshot by Ryan Callahan.
2:22 of 1st period - Goal by Ryan Callahan - Atomiques : 0 - Sewer Rats : 2.
2:23 of 1st period - Brett Sutter wins face-off versus Maxim Talbot in neutral zone.
3:13 of 1st period - Slapshot by John Zeiler.
3:13 of 1st period - Shot Hit the Post.
3:28 of 1st period - Denis Hamel is hit by Matt Lashoff and loses puck.
3:43 of 1st period - Wrist shot by Boyd Gordon.
3:43 of 1st period - Shot Misses the Net.
3:59 of 1st period - Slapshot by Kenndal McArdle.
3:59 of 1st period - Stopped by Jonas Gustavsson without a rebound.
4:00 of 1st period - Shawn Matthias wins face-off versus Kyle Turris in Sewer Rats zone.
4:05 of 1st period - Wrist shot by Nick Johnson.
4:05 of 1st period - Stopped by Jonas Gustavsson without a rebound.
4:06 of 1st period - Brandon Dubinsky wins face-off versus Maxim Talbot in Sewer Rats zone.
5:22 of 1st period - Mattias Ohlund is hit by Vojtech Polak and loses puck.
5:29 of 1st period - Wrist shot by Niko Dimitrakos.
5:29 of 1st period - Stopped by Semyon Varlamov with a rebound.
5:39 of 1st period - Wrist shot by Denis Hamel.
5:39 of 1st period - Deflect By Bryan Little.
5:39 of 1st period - Stopped by Jonas Gustavsson with a rebound.
5:43 of 1st period - Snap shot by Phil Kessel.
5:43 of 1st period - Stopped by Jonas Gustavsson without a rebound.
5:44 of 1st period - Chris Clark wins face-off versus Brandon Dubinsky in Sewer Rats zone.
6:17 of 1st period - Ville Leino is hit by Pat Rissmiller and loses puck.
6:36 of 1st period - Slapshot by John-Michael Liles.
6:36 of 1st period - Shot Blocked by John Zeiler.
6:38 of 1st period - Snap shot by Niko Dimitrakos.
6:38 of 1st period - Stopped by Semyon Varlamov without a rebound.
6:39 of 1st period - Brett Sutter wins face-off versus Maxim Talbot in Atomiques zone.
7:29 of 1st period - Wes O'Neill is hit by Shawn Matthias and loses puck.
7:48 of 1st period - Snap shot by Nick Johnson.
7:48 of 1st period - Stopped by Jonas Gustavsson with a rebound.
8:04 of 1st period - Shawn Belle is hit by Maxim Talbot and loses puck.
8:33 of 1st period - Jonathan Girard is hit by Vojtech Polak and loses puck.
9:58 of 1st period - Slapshot by Daniel Carcillo.
9:58 of 1st period - Stopped by Jonas Gustavsson with a rebound.
10:35 of 1st period - Snap shot by John Zeiler.
10:35 of 1st period - Shot Misses the Net.
10:37 of 1st period - Slapshot by Mattias Ohlund.
10:37 of 1st period - Stopped by Jonas Gustavsson with a rebound.
10:39 of 1st period - Backhand shot by Boyd Gordon.
10:39 of 1st period - Deflect By Denis Hamel.
10:39 of 1st period - Stopped by Jonas Gustavsson with a rebound.
10:41 of 1st period - Slapshot by Mattias Ohlund.
10:41 of 1st period - Deflect By Denis Hamel.
10:41 of 1st period - Goal by Denis Hamel - Atomiques : 1 - Sewer Rats : 2.
10:42 of 1st period - Maxim Talbot wins face-off versus Daniel Carcillo in neutral zone.
10:54 of 1st period - Snap shot by Brandon Dubinsky.
10:54 of 1st period - Stopped by Jonas Gustavsson with a rebound.
10:56 of 1st period - Snap shot by Wes O'Neill.
10:56 of 1st period - Shot Misses the Net.
10:58 of 1st period - Wrist shot by Brandon Dubinsky.
10:58 of 1st period - Stopped by Jonas Gustavsson with a rebound.
11:08 of 1st period - John Zeiler is hit by Max Pacioretty and loses puck.
11:49 of 1st period - Wrist shot by Mark Mancari.
11:49 of 1st period - Shot Blocked by Kyle Turris.
11:55 of 1st period - Snap shot by Mark Mancari.
11:55 of 1st period - Stopped by Semyon Varlamov without a rebound.
11:56 of 1st period - Daniel Carcillo wins face-off versus Maxim Talbot in Atomiques zone.
11:56 of 1st period - Daniel Carcillo is hit by Steven Kampfer.
12:26 of 1st period - Snap shot by Bryan Little.
12:26 of 1st period - Stopped by Semyon Varlamov with a rebound.
12:28 of 1st period - Snap shot by Chris Clark.
12:28 of 1st period - Shot Misses the Net.
12:44 of 1st period - Snap shot by Kyle Okposo.
12:44 of 1st period - Shot Misses the Net.
13:04 of 1st period - Snap shot by Maxim Talbot.
13:04 of 1st period - Shot Misses the Net.
13:09 of 1st period - Off-side.
13:10 of 1st period - Daniel Carcillo wins face-off versus Bryan Little in neutral zone.
13:10 of 1st period - Daniel Carcillo is hit by Max Pacioretty.
13:14 of 1st period - Slapshot by Phil Kessel.
13:14 of 1st period - Stopped by Jonas Gustavsson with a rebound.
13:32 of 1st period - Matt Lashoff is hit by Brandon Dubinsky and loses puck.
14:19 of 1st period - Matt Lashoff is hit by Shawn Belle and loses puck.
14:34 of 1st period - Slapshot by John-Michael Liles.
14:34 of 1st period - Deflect By Maxim Talbot.
14:34 of 1st period - Shot Misses the Net.
14:34 of 1st period - Puck is out of play.
14:35 of 1st period - Marc-André Cliche wins face-off versus Brett Sutter in Atomiques zone.
14:42 of 1st period - Snap shot by Maxim Talbot.
14:42 of 1st period - Deflect By Mark Mancari.
14:42 of 1st period - Goal by Mark Mancari - Atomiques : 1 - Sewer Rats : 3.
14:43 of 1st period - Maxim Talbot wins face-off versus Phil Kessel in neutral zone.
14:48 of 1st period - Wrist shot by Ryan Callahan.
14:48 of 1st period - Stopped by Semyon Varlamov with a rebound.
14:50 of 1st period - Snap shot by Ryan Callahan.
14:50 of 1st period - Shot Misses the Net.
14:52 of 1st period - Snap shot by Ville Leino.
14:52 of 1st period - Shot Misses the Net.
14:54 of 1st period - Wrist shot by Ville Leino.
14:54 of 1st period - Stopped by Semyon Varlamov with a rebound.
15:10 of 1st period - Icing by Brandon Dubinsky.
15:11 of 1st period - Bryan Little wins face-off versus Daniel Carcillo in Atomiques zone.
15:16 of 1st period - Slapshot by Bryan Little.
15:16 of 1st period - Stopped by Semyon Varlamov without a rebound.
15:17 of 1st period - Denis Hamel wins face-off versus Bryan Little in Atomiques zone.
15:17 of 1st period - Denis Hamel is hit by Max Pacioretty.
15:20 of 1st period - Icing by Boyd Gordon.
15:21 of 1st period - Bryan Little wins face-off versus Boyd Gordon in Atomiques zone.
15:43 of 1st period - Icing by Bryan Little.
15:44 of 1st period - Brandon Dubinsky wins face-off versus Max Pacioretty in Sewer Rats zone.
15:57 of 1st period - Wrist shot by Phil Kessel.
15:57 of 1st period - Stopped by Jonas Gustavsson with a rebound.
16:11 of 1st period - Boyd Gordon is hit by Maxim Talbot and loses puck.
17:12 of 1st period - Mattias Ohlund is hit by John-Michael Liles and loses puck.
17:28 of 1st period - Icing by Niko Dimitrakos.
17:29 of 1st period - Boyd Gordon wins face-off versus Niko Dimitrakos in Sewer Rats zone.
17:32 of 1st period - Snap shot by John Zeiler.
17:32 of 1st period - Shot Blocked by Kyle Quincey.
17:35 of 1st period - Icing by Shawn Matthias.
17:36 of 1st period - Shawn Matthias wins face-off versus Daniel Carcillo in Sewer Rats zone.
17:36 of 1st period - Shawn Matthias is hit by Brandon Dubinsky.
17:42 of 1st period - Off-side.
17:43 of 1st period - Brandon Dubinsky wins face-off versus Maxim Talbot in neutral zone.
18:19 of 1st period - John Zeiler is hit by Bryan Little and loses puck.
18:32 of 1st period - Slapshot by Mark Mancari.
18:32 of 1st period - Stopped by Semyon Varlamov with a rebound.
18:44 of 1st period - Backhand shot by Pat Rissmiller.
18:44 of 1st period - Stopped by Jonas Gustavsson with a rebound.
18:54 of 1st period - Andy Greene is hit by Shawn Matthias and loses puck.
19:10 of 1st period - Minor Penalty to John-Michael Liles for Slashing.
19:11 of 1st period - Maxim Talbot wins face-off versus Brandon Dubinsky in Sewer Rats zone.
19:36 of 1st period - Backhand shot by Boyd Gordon.
19:36 of 1st period - Goal by Boyd Gordon - Atomiques : 2 - Sewer Rats : 3.
19:37 of 1st period - Ville Leino wins face-off versus Brandon Dubinsky in neutral zone.
19:46 of 1st period - Slapshot by Ville Leino.
19:46 of 1st period - Stopped by Semyon Varlamov with a rebound.
19:48 of 1st period - Slapshot by Karel Rachunek.
19:48 of 1st period - Shot Misses the Net.
19:50 of 1st period - Slapshot by John-Michael Liles.
19:50 of 1st period - Goal by John-Michael Liles - Atomiques : 2 - Sewer Rats : 4.
19:50 of 1st period - Mike Brodeur enters game.
19:51 of 1st period - Maxim Talbot wins face-off versus Brandon Dubinsky in neutral zone.
2nd period
0:01 of 2nd period - Phil Kessel wins face-off versus Maxim Talbot in neutral zone.
0:06 of 2nd period - Wrist shot by Daniel Carcillo.
0:06 of 2nd period - Stopped by Jonas Gustavsson with a rebound.
0:42 of 2nd period - Max Pacioretty is hit by Andy Greene.
0:54 of 2nd period - Slapshot by Chris Clark.
0:54 of 2nd period - Stopped by Mike Brodeur with a rebound.
0:56 of 2nd period - Slapshot by Niko Dimitrakos.
0:56 of 2nd period - Stopped by Mike Brodeur with a rebound.
0:58 of 2nd period - Backhand shot by John-Michael Liles.
0:58 of 2nd period - Deflect By Pat Rissmiller.
0:58 of 2nd period - Stopped by Mike Brodeur with a rebound.
1:00 of 2nd period - Slapshot by Niko Dimitrakos.
1:00 of 2nd period - Shot Misses the Net.
1:04 of 2nd period - Slapshot by Karel Rachunek.
1:04 of 2nd period - Shot Misses the Net.
1:57 of 2nd period - Snap shot by Niko Dimitrakos.
1:57 of 2nd period - Goal by Niko Dimitrakos - Atomiques : 2 - Sewer Rats : 5.
1:58 of 2nd period - Brandon Dubinsky wins face-off versus Maxim Talbot in neutral zone.
2:09 of 2nd period - Off-side.
2:10 of 2nd period - Phil Kessel wins face-off versus Maxim Talbot in neutral zone.
3:06 of 2nd period - Snap shot by John Zeiler.
3:06 of 2nd period - Stopped by Jonas Gustavsson without a rebound.
3:07 of 2nd period - Ryan Callahan wins face-off versus Brandon Dubinsky in Sewer Rats zone.
3:55 of 2nd period - Snap shot by Nick Johnson.
3:55 of 2nd period - Shot Misses the Net.
3:57 of 2nd period - Slapshot by Mattias Ohlund.
3:57 of 2nd period - Stopped by Jonas Gustavsson with a rebound.
4:15 of 2nd period - Mark Mancari is hit by Mattias Ohlund and loses puck.
4:40 of 2nd period - Snap shot by Kyle Okposo.
4:40 of 2nd period - Deflect By Brett Sutter.
4:40 of 2nd period - Goal by Brett Sutter - Atomiques : 3 - Sewer Rats : 5.
4:41 of 2nd period - Maxim Talbot wins face-off versus Daniel Carcillo in neutral zone.
5:06 of 2nd period - Andy Greene is hit by Bryan Little and loses puck.
5:15 of 2nd period - Snap shot by Chris Clark.
5:15 of 2nd period - Stopped by Mike Brodeur with a rebound.
5:50 of 2nd period - Major Penalty to Andy Greene for Kneeing.
5:51 of 2nd period - Daniel Carcillo wins face-off versus Maxim Talbot in Atomiques zone.
5:51 of 2nd period - Daniel Carcillo is hit by Karel Rachunek.
5:57 of 2nd period - Slapshot by Ville Leino.
5:57 of 2nd period - Shot Misses the Net.
6:05 of 2nd period - Wrist shot by Ryan Callahan.
6:05 of 2nd period - Stopped by Mike Brodeur with a rebound.
6:07 of 2nd period - Snap shot by John-Michael Liles.
6:07 of 2nd period - Goal by John-Michael Liles - Atomiques : 3 - Sewer Rats : 6.
6:08 of 2nd period - Daniel Carcillo wins face-off versus Maxim Talbot in neutral zone.
6:54 of 2nd period - Ville Leino is hit by Boyd Gordon and loses puck.
8:51 of 2nd period - Ryan Callahan is hit by Kenndal McArdle and loses puck.
9:54 of 2nd period - Brett Sutter is hit by Vojtech Polak and loses puck.
10:50 of 2nd period - Penalty to Andy Greene is over, Andy Greene is back on ice.
13:00 of 2nd period - Kyle Quincey is hit by Kenndal McArdle and loses puck.
13:22 of 2nd period - Wes O'Neill is hit by Mark Mancari and loses puck.
13:28 of 2nd period - Minor Penalty to John-Michael Liles for High sticking.
13:29 of 2nd period - Maxim Talbot wins face-off versus Brandon Dubinsky in Sewer Rats zone.
13:29 of 2nd period - Maxim Talbot is hit by Daniel Carcillo.
13:41 of 2nd period - Ryan Callahan is hit by Brandon Dubinsky.
13:51 of 2nd period - Maxim Talbot is hit by Andy Greene and loses puck.
15:02 of 2nd period - Icing by Andy Greene.
15:03 of 2nd period - Maxim Talbot wins face-off versus Boyd Gordon in Atomiques zone.
15:28 of 2nd period - Penalty to John-Michael Liles is over, John-Michael Liles is back on ice.
15:45 of 2nd period - Jonathan Girard is hit by Shawn Matthias and loses puck.
16:06 of 2nd period - Jonathan Girard is hit by Marc-André Cliche and loses puck.
16:42 of 2nd period - Shawn Belle is hit by Matt Lashoff and loses puck.
17:15 of 2nd period - Snap shot by Mark Mancari.
17:15 of 2nd period - Shot Misses the Net.
17:17 of 2nd period - Snap shot by Mark Mancari.
17:17 of 2nd period - Deflect By Phil Kessel.
17:17 of 2nd period - Shot Blocked by Wes O'Neill.
17:17 of 2nd period - Puck is out of play.
17:18 of 2nd period - Brandon Dubinsky wins face-off versus Bryan Little in Atomiques zone.
17:53 of 2nd period - Snap shot by Kyle Okposo.
17:53 of 2nd period - Shot Misses the Net.
17:55 of 2nd period - Slapshot by Kyle Okposo.
17:55 of 2nd period - Shot Misses the Net.
18:07 of 2nd period - Vojtech Polak is hit by Nick Johnson and loses puck.
19:21 of 2nd period - Slapshot by Mattias Ohlund.
19:21 of 2nd period - Deflect By Ville Leino.
19:21 of 2nd period - Stopped by Jonas Gustavsson with a rebound.
19:25 of 2nd period - Slapshot by Kenndal McArdle.
19:25 of 2nd period - Stopped by Jonas Gustavsson without a rebound.
19:26 of 2nd period - Brandon Dubinsky wins face-off versus Bryan Little in Sewer Rats zone.
19:29 of 2nd period - Wrist shot by Phil Kessel.
19:29 of 2nd period - Shot Misses the Net.
19:31 of 2nd period - Slapshot by Daniel Carcillo.
19:31 of 2nd period - Shot Misses the Net.
19:33 of 2nd period - Wrist shot by Brandon Dubinsky.
19:33 of 2nd period - Deflect By John-Michael Liles.
19:33 of 2nd period - Stopped by Jonas Gustavsson with a rebound.
19:35 of 2nd period - Slapshot by Shawn Belle.
19:35 of 2nd period - Shot Misses the Net.
19:37 of 2nd period - Slapshot by Wes O'Neill.
19:37 of 2nd period - Shot Blocked by Bryan Little.
19:39 of 2nd period - Snap shot by Daniel Carcillo.
19:39 of 2nd period - Stopped by Jonas Gustavsson with a rebound.
19:41 of 2nd period - Snap shot by Phil Kessel.
19:41 of 2nd period - Shot Blocked by John-Michael Liles.
19:53 of 2nd period - Boyd Gordon is hit by John-Michael Liles and loses puck.
3rd period
0:01 of 3rd period - Brandon Dubinsky wins face-off versus Maxim Talbot in neutral zone.
0:50 of 3rd period - Slapshot by Jonathan Girard.
0:50 of 3rd period - Stopped by Jonas Gustavsson without a rebound.
0:51 of 3rd period - Maxim Talbot wins face-off versus Brett Sutter in Sewer Rats zone.
1:20 of 3rd period - Slapshot by Chris Clark.
1:20 of 3rd period - Stopped by Mike Brodeur without a rebound.
1:21 of 3rd period - Bryan Little wins face-off versus Brandon Dubinsky in Atomiques zone.
1:30 of 3rd period - Wrist shot by Bryan Little.
1:30 of 3rd period - Stopped by Mike Brodeur without a rebound.
1:31 of 3rd period - Maxim Talbot wins face-off versus Brandon Dubinsky in Atomiques zone.
1:42 of 3rd period - Snap shot by Ryan Callahan.
1:42 of 3rd period - Shot Misses the Net.
1:44 of 3rd period - Wrist shot by Ryan Callahan.
1:44 of 3rd period - Shot Misses the Net.
1:46 of 3rd period - Wrist shot by Ryan Callahan.
1:46 of 3rd period - Deflect By Ville Leino.
1:46 of 3rd period - Shot Misses the Net.
1:46 of 3rd period - Puck is out of play.
1:47 of 3rd period - Bryan Little wins face-off versus Boyd Gordon in Atomiques zone.
1:48 of 3rd period - Snap shot by Chris Clark.
1:48 of 3rd period - Shot Misses the Net.
2:13 of 3rd period - Maxim Talbot is hit by Phil Kessel.
2:43 of 3rd period - Minor Penalty to Brett Sutter for High sticking.
2:44 of 3rd period - Daniel Carcillo wins face-off versus Maxim Talbot in Atomiques zone.
2:53 of 3rd period - Slapshot by Ryan Callahan.
2:53 of 3rd period - Deflect By Maxim Talbot.
2:53 of 3rd period - Stopped by Mike Brodeur without a rebound.
2:54 of 3rd period - Maxim Talbot wins face-off versus Daniel Carcillo in Atomiques zone.
2:57 of 3rd period - Wrist shot by Ryan Callahan.
2:57 of 3rd period - Shot Blocked by Andy Greene.
3:31 of 3rd period - Shawn Belle is hit by Matt Lashoff.
4:35 of 3rd period - Snap shot by Niko Dimitrakos.
4:35 of 3rd period - Stopped by Mike Brodeur with a rebound.
4:37 of 3rd period - Slapshot by John-Michael Liles.
4:37 of 3rd period - Shot Misses the Net.
4:39 of 3rd period - Slapshot by Karel Rachunek.
4:39 of 3rd period - Stopped by Mike Brodeur with a rebound.
4:41 of 3rd period - Snap shot by Niko Dimitrakos.
4:41 of 3rd period - Stopped by Mike Brodeur with a rebound.
4:43 of 3rd period - Penalty to Brett Sutter is over, Brett Sutter is back on ice.
4:43 of 3rd period - Snap shot by Niko Dimitrakos.
4:43 of 3rd period - Stopped by Mike Brodeur with a rebound.
4:45 of 3rd period - Slapshot by Jonathan Paiement.
4:45 of 3rd period - Shot Blocked by Mattias Ohlund.
5:12 of 3rd period - Off-side.
5:13 of 3rd period - Brett Sutter wins face-off versus Maxim Talbot in neutral zone.
5:18 of 3rd period - Slapshot by Pat Rissmiller.
5:18 of 3rd period - Shot Misses the Net.
6:48 of 3rd period - Kyle Turris is hit by Shawn Matthias and loses puck.
7:03 of 3rd period - Snap shot by Daniel Carcillo.
7:03 of 3rd period - Stopped by Jonas Gustavsson without a rebound.
7:04 of 3rd period - Brandon Dubinsky wins face-off versus Bryan Little in Sewer Rats zone.
7:05 of 3rd period - Wrist shot by Phil Kessel.
7:05 of 3rd period - Deflect By Brandon Dubinsky.
7:05 of 3rd period - Shot Misses the Net.
7:05 of 3rd period - Puck is out of play.
7:06 of 3rd period - Bryan Little wins face-off versus Brandon Dubinsky in Sewer Rats zone.
7:06 of 3rd period - Bryan Little is hit by Andy Greene.
7:13 of 3rd period - Off-side.
7:14 of 3rd period - Maxim Talbot wins face-off versus Brandon Dubinsky in neutral zone.
7:19 of 3rd period - Snap shot by Ryan Callahan.
7:19 of 3rd period - Stopped by Mike Brodeur without a rebound.
7:20 of 3rd period - Maxim Talbot wins face-off versus Brandon Dubinsky in Atomiques zone.
7:21 of 3rd period - Wrist shot by Ryan Callahan.
7:21 of 3rd period - Stopped by Mike Brodeur with a rebound.
7:34 of 3rd period - Slapshot by John-Michael Liles.
7:34 of 3rd period - Shot Misses the Net.
7:51 of 3rd period - Karel Rachunek is hit by Wes O'Neill and loses puck.
7:57 of 3rd period - Karel Rachunek is hit by Shawn Belle.
7:59 of 3rd period - Snap shot by Niko Dimitrakos.
7:59 of 3rd period - Stopped by Mike Brodeur with a rebound.
8:06 of 3rd period - Minor Penalty to John Zeiler for High sticking.
8:07 of 3rd period - Boyd Gordon wins face-off versus Maxim Talbot in Atomiques zone.
8:07 of 3rd period - Boyd Gordon is hit by Ville Leino.
8:29 of 3rd period - Slapshot by Andy Greene.
8:29 of 3rd period - Shot Blocked by John-Michael Liles.
8:39 of 3rd period - Snap shot by Bryan Little.
8:39 of 3rd period - Stopped by Mike Brodeur with a rebound.
10:06 of 3rd period - Penalty to John Zeiler is over, John Zeiler is back on ice.
10:34 of 3rd period - Snap shot by Matt Lashoff.
10:34 of 3rd period - Shot Blocked by Kenndal McArdle.
11:00 of 3rd period - Wrist shot by Brendon Nash.
11:00 of 3rd period - Stopped by Jonas Gustavsson with a rebound.
12:27 of 3rd period - Slapshot by Mattias Ohlund.
12:27 of 3rd period - Shot Hit the Post.
12:29 of 3rd period - Slapshot by Mattias Ohlund.
12:29 of 3rd period - Stopped by Jonas Gustavsson without a rebound.
12:30 of 3rd period - Kyle Turris wins face-off versus Bryan Little in Sewer Rats zone.
12:31 of 3rd period - Slapshot by Brendon Nash.
12:31 of 3rd period - Stopped by Jonas Gustavsson with a rebound.
12:33 of 3rd period - Slapshot by Jonathan Girard.
12:33 of 3rd period - Shot Misses the Net.
12:35 of 3rd period - Wrist shot by Kenndal McArdle.
12:35 of 3rd period - Shot Misses the Net.
12:37 of 3rd period - Wrist shot by Brendon Nash.
12:37 of 3rd period - Stopped by Jonas Gustavsson with a rebound.
12:39 of 3rd period - Wrist shot by Kenndal McArdle.
12:39 of 3rd period - Goal by Kenndal McArdle - Atomiques : 4 - Sewer Rats : 6.
12:40 of 3rd period - Maxim Talbot wins face-off versus Brandon Dubinsky in neutral zone.
14:09 of 3rd period - Wrist shot by Ville Leino.
14:09 of 3rd period - Goal by Ville Leino - Atomiques : 4 - Sewer Rats : 7.
14:10 of 3rd period - Ville Leino wins face-off versus Brandon Dubinsky in neutral zone.
14:13 of 3rd period - Backhand shot by Karel Rachunek.
14:13 of 3rd period - Stopped by Mike Brodeur without a rebound.
14:14 of 3rd period - Maxim Talbot wins face-off versus Brandon Dubinsky in Atomiques zone.
14:15 of 3rd period - Snap shot by Ville Leino.
14:15 of 3rd period - Stopped by Mike Brodeur with a rebound.
15:15 of 3rd period - Wrist shot by Niko Dimitrakos.
15:15 of 3rd period - Stopped by Mike Brodeur without a rebound.
15:16 of 3rd period - Ville Leino wins face-off versus Brandon Dubinsky in Atomiques zone.
15:33 of 3rd period - Phil Kessel is hit by Jonathan Paiement and loses puck.
15:52 of 3rd period - Wrist shot by Bryan Little.
15:52 of 3rd period - Stopped by Mike Brodeur without a rebound.
15:53 of 3rd period - Boyd Gordon wins face-off versus Bryan Little in Atomiques zone.
15:53 of 3rd period - Boyd Gordon is hit by Matt Lashoff.
17:40 of 3rd period - Wrist shot by Brandon Dubinsky.
17:40 of 3rd period - Stopped by Jonas Gustavsson with a rebound.
17:48 of 3rd period - Slapshot by Daniel Carcillo.
17:48 of 3rd period - Stopped by Jonas Gustavsson without a rebound.
17:49 of 3rd period - Maxim Talbot wins face-off versus Boyd Gordon in Sewer Rats zone.
18:12 of 3rd period - Brandon Dubinsky is hit by Bryan Little.
18:33 of 3rd period - Wrist shot by Pat Rissmiller.
18:33 of 3rd period - Stopped by Jonas Gustavsson with a rebound.
19:03 of 3rd period - Minor Penalty to Mike Funk for Holding.
19:04 of 3rd period - Brandon Dubinsky wins face-off versus Maxim Talbot in Sewer Rats zone.
Output by the SimonT Hockey Simulator (STHS) for François Prévost -- Original Page W3C XHTML 1.0 Valid